Kradschützen Motorcycle Team
Construct Light Support Kompanie
Construct Light Support Kompanie
Selects Battlefield Espionage Battlegroup
Selects Intel Disruption Beacon
Selects Intel Disruption Beacon
Selects 250/3 Funkpanzerwagen
Construct Mechanized Kompanie
Construct Mechanized Kompanie
Selects Anti-Tank Incendiary Munitions
Selects Anti-Tank Incendiary Munitions
254 Reconnaissance Tractor
Construct Panzerarmee Kommand
Construct Panzerarmee Kommand
Flak 36 Anti-tank Gun Team
Flak 36 Anti-tank Gun Team
Selects Disruption Operation
Selects Disruption Operation
Walking Stuka Rocket Launcher
254 Reconnaissance Tractor
Selects Operation Skorpion
Flak 36 Anti-tank Gun Team
Pak 38 Anti-tank Gun Team